 Seeded DCSS version 0.30.1-4-g462c640d31 (webtiles) character file.

Game seed: 6351066067085065685 (custom seed)

0 Esekla the Magician (level 1, -1/10 HPs)
             Began as a Deep Elf Wanderer on Sept 13, 2023.
             Slain by a hound (3 damage)
             ... on level 5 of the Dungeon.
             The game lasted 00:06:04 (621 turns).

Esekla the Magician (Deep Elf Wanderer)              Turns: 621, Time: 00:06:05

Health: -1/10      AC:  3    Str: 11    XL:     1   Next: 8%
Magic:  7/7        EV: 10    Int: 17    God:
Gold:   73         SH:  3    Dex: 11    Spells: 6/8 levels left

rFire   . . .        a - +0 short sword
rCold   . . .        d - +0 buckler
rNeg    . . .        c - +0 robe
rPois   .            (no helmet)
rElec   .            (no cloak)
rCorr   .            k - +0 pair of gloves
SInv    .            (no boots)
Will    .....        (no amulet)
Stlth   ++           (no ring)
HPRegen 0.21/turn    (no ring)
MPRegen 0.10/turn

%: no passive effects
@: attractive
A: no striking features
a: no special abilities


You were on level 5 of the Dungeon.
You visited 1 branch of the dungeon, and saw 5 of its levels.

You collected 73 gold pieces.

Inventory:

Hand Weapons
 a - a +0 short sword (weapon)
Armour
 c - a +0 robe (worn)
 d - a +0 buckler (worn)
 k - a +0 pair of gloves (worn)
Wands
 f - a wand of roots (9)
Scrolls
 j - 2 scrolls of identify {unknown}
Potions
 b - a potion of lignification
 e - a potion of ambrosia {unknown}
 g - a potion of attraction
 h - 2 potions of curing
 i - a potion of haste {unknown}


   Skills:
 + Level 1.2 Stealth
 + Level 1.5 Shields
 * Level 4.4 Spellcasting
 + Level 2.1 Translocations
 + Level 1.0 Invocations


You had 6 spell levels left.
You knew the following spells:

 Your Spells              Type           Power      Damage    Failure   Level
a - Magic Dart            Conj           12%        1d3       22%         1
p - Apportation           Tloc           22%        N/A       9%          1

Your spell library contained the following spells:

 Spells                   Type           Power      Damage    Failure   Level
 Blink                    Tloc           22%        N/A       14%         2
 Lesser Beckoning         Tloc           22%        N/A       14%         2
 Ignite Poison            Fire/Tmut/Pois 3%         N/A       54%         3
 Vampiric Draining        Necr           3%         2d6       54%         3


Dungeon Overview and Level Annotations

Branches:
Dungeon (5/15)
 Temple: D:4-7

Altars:
Vehumet
Zin
The Shining One

Shops:
D:2 =


Message History

Yoink!
You pull the item towards yourself.
Casting: Apportation (safe; 9% risk of failure)
Confirm with . or Enter, or press ? or * to list all spells.
Aiming: Apportation (safe; 9% risk of failure)
Press: ? - help, Dir - move target Apport: a bubbling blue potion Yoink!
You pull the item towards yourself.
h - 3 bubbling blue potions (gained 1)
A hound comes into view.
Found a stone staircase leading down.
An iguana comes into view.
The iguana hisses angrily.
The hound barks!
You hear an angry hiss.
A hound comes into view.
Found a dagger.
The hound attacks as you move away! You block the hound's attack.
The hound bites you.
An iguana comes into view.
The iguana hisses angrily.
The hound attacks as you move away! The hound bites you.
The hound barely misses you. The hound attacks as you move away!
The hound bites you.
* * * LOW HITPOINT WARNING * * *
Okay, then.
It was a potion of attraction.
You feel attractive to monsters. The hound bites you but does no damage.
The hound closely misses you. The iguana is attracted toward you.
It was a potion of curing.
You feel better. The hound closely misses you.
An adder comes into view.
You block the hound's attack. The adder is attracted toward you.
The adder is attracted toward you. The hound attacks as you move away!
The hound barely misses you.
The adder hisses angrily.
You block the adder's attack. The adder bites you. The hound bites you.
The hound attacks as you move away! The hound bites you.
* * * LOW HITPOINT WARNING * * *
You block the adder's attack.
Found a potion of curing.
The hound bites you.
You die...

#### #.. ##.## #.l.#
###.#.###
#####)l.#.l.######!
#....l###.hS§......
....###...#.#@######
#########...#...#
#...l.....#####.#
#.#######...# ...
#.# ##..# ##. ####.#
.... .. .....#
.....# . ######
..#..> ......


You could see 2 iguanas, a hound and an adder.

Vanquished Creatures
  A kobold (D:1)
1 creature vanquished.

Notes
Turn   | Place    | Note
-------+----------+-------------------------------------------
     0 | D:1      | Esekla the Deep Elf Wanderer began the quest for the Orb.
     0 | D:1      | Esekla set off with the following items: a +0 club, a
                  | potion of lignification, a +0 robe, a +0 buckler; and the
                  | following spells available to memorise: Apportation, Blink,
                  | Lesser Beckoning, Magic Dart, Ignite Poison, Vampiric
                  | Draining.
     0 | D:1      | Reached XP level 1. HP: 10/10 MP: 7/7
     2 | D:1      | Learned a level 1 spell: Magic Dart
     4 | D:1      | Learned a level 1 spell: Apportation
   173 | D:2      | Found Renulab's Jewellery Shop.
   494 | D:4      | Found a radiant altar of Vehumet.
   505 | D:4      | Found a glowing golden altar of the Shining One.
   526 | D:4      | Found a glowing silver altar of Zin.
   549 | D:5      | Entered Level 5 of the Dungeon
   585 | D:5      | Noticed a hound
   597 | D:5      | Noticed an iguana
   609 | D:5      | Noticed a hound
   612 | D:5      | Noticed an iguana
   621 | D:5      | Slain by a hound

Illustrated notes

Levels and vault maps discovered:
D:1:      sevenhm_arrival_forest_fort_small_3, layout_rooms,
          chequers_serial_rivers_room_b, minmay_misc_feat_five
D:2:      layout_loops_ring, dreamdust_ecumenical_altar_angels_and_demons,
          serial_shops, shop
D:3:      layout_basic, grunt_temple_overflow_open, minmay_misc_feat_iff
D:4:      layout_basic, nicolae_overflow_quartered_altars, serial_shops,
          nicolae_diamond_shop
D:5:      layout_loops_ring, lemuel_doored_altar, minmay_misc_feat_rows,
          dreamdust_wishing_well

Action                     || total
---------------------------++-------
   Cast: Apportation       ||    15
         Magic Dart        ||     2
    Use: Potion            ||     2
         Scroll            ||     1
 Armour: Robe              ||     7
  Dodge: Dodged            ||    30
  Block: Buckler           ||     8
